 Dungeon Crawl Stone Soup version 0.31.0-1-g2c135a008e (webtiles) character file.

Game seed: 9965496614246517926

62 qw the Shooter (level 4, 0/35 HPs)
             Began as a Djinni Hunter on Jan 23, 2024.
             Slain by a goblin
             ... wielding a +0 dagger
             ... led by Robin
              (1 damage)
             ... on level 2 of the Dungeon.
             The game lasted 00:00:02 (947 turns).

qw the Shooter (Djinni Hunter)                       Turns: 947, Time: 00:00:03

Health: 0/35       AC:  3    Str: 10    XL:     4   Next: 28%
Gold:   37         EV: 12    Int: 11    God:
                   SH:  0    Dex: 18

rFire   + + .        a - +0 shortbow
rCold   x . .        (shield currently unavailable)
rNeg    . . .        c - +0 leather armour
rPois   inf          (no helmet)
rElec   .            (no cloak)
rCorr   .            (no gloves)
SInv    .            (boots unavailable)
Will    .....        (no amulet)
Stlth   ++           (no ring)
HPRegen 0.25/turn    (no ring)
MPRegen 0.00/turn

%: infuse magic (-1 HP)
@: flying
A: sickness immunity, fire resistance 2, cold vulnerability 1, float, innate
caster, HP casting, extra vitality 1
a: no special abilities


You were on level 2 of the Dungeon.
You visited 1 branch of the dungeon, and saw 2 of its levels.

You collected 37 gold pieces.


Innate Abilities, Weirdness & Mutations

You are immune to sickness and miasma.
You are immune to poison.
Your flesh is very heat resistant. (rF++)
You are vulnerable to cold. (rC-)
You float through the air rather than walking.
You learn spells naturally, not from books.
Your magical power is your life essence.
You have superior vitality. (+4 MHP)


   Skills:
 - Level 3.0 Fighting
 - Level 4.0 Ranged Weapons
 + Level 2.6 Dodging
 - Level 0.7 Stealth


You knew the following spells:

 Your Spells              Type           Power      Damage    Failure   Level
a - Sandblast             Erth           0%         2d4       43%         1
Your spell library was empty.

Inventory:

Hand Weapons
 a - a +0 shortbow (weapon)
Armour
 c - a +0 leather armour (worn)
Jewellery
 b - a ring of see invisible
Potions
 d - a potion of cancellation
 e - a potion of brilliance {unknown}
 f - a potion of magic {unknown}
 h - a potion of curing {unknown}

Dungeon Overview and Level Annotations

Branches:
Dungeon (2/15)

Altars:


Message History

A goblin comes into view. It is wielding a +0 dagger.
You shoot an arrow. The arrow hits Robin.
Robin is moderately wounded.
A hobgoblin comes into view.
The kobold hits you with a +0 rapier. The goblin completely misses you.
Robin hits you with a +0 short sword.
You shoot an arrow. The arrow closely misses Robin.
The kobold hits you with a +0 rapier. The goblin closely misses you.
Robin throws the goblin at you!
You shoot an arrow. The arrow hits Robin.
Robin is severely wounded.
The goblin no longer looks unusually strong.
The hobgoblin no longer looks unusually strong.
Robin closely misses you. The hobgoblin closely misses you.
The kobold misses you. The goblin hits you with a +0 dagger.
The kobold misses you. The goblin misses you. The hobgoblin barely misses you.
Robin barely misses you.
You shoot an arrow. The arrow barely misses Robin.
The goblin no longer looks unusually strong.
The hobgoblin closely misses you. The kobold hits you with a +0 rapier.
Robin throws the goblin at you!
You shoot an arrow.
The arrow hits Robin but does no damage.
Robin is severely wounded.
The hobgoblin no longer looks unusually strong.
The goblin no longer looks unusually strong.
The hobgoblin closely misses you. The kobold hits you with a +0 rapier.
Robin throws the goblin at you!
You shoot an arrow. The arrow hits Robin!
You kill Robin!
The kobold completely misses you.
The hobgoblin hits you but does no damage.
The hobgoblin barely misses you. The goblin hits you but does no damage.
The kobold hits you with a +0 rapier.
You shoot an arrow.
The arrow completely misses the hobgoblin.
The goblin no longer looks unusually strong.
The hobgoblin no longer looks unusually strong.
The kobold hits you with a +0 rapier. The goblin hits you with a +0 dagger.
You die...

#............#
#...#..#..%..#
#......#.#..(###########
#...######......<.......
#...........##.......###
.....................+
.........#.#.^.......#
.....).ggg.)......###
#.....)@#.#.........
##.....gK.#.........+
...#.###gg#.........#
..... g:# ... ###.. ...
.. ...# ## ...# ..##


You could see 3 hobgoblins, 4 goblins and a kobold.

Vanquished Creatures
  Natasha (D:2)
  Robin (D:2)
  2 endoplasms
  2 giant cockroaches (D:1)
  2 hobgoblins (D:1)
  5 jackals (D:1)
  3 kobolds
  A quokka (D:1)
  A bat (D:1)
  A frilled lizard (D:1)
  4 goblins
  2 rats (D:1)
25 creatures vanquished.

Notes
Turn   | Place    | Note
-------+----------+-------------------------------------------
     0 | D:1      | qw the Djinni Hunter began the quest for the Orb.
     0 | D:1      | Reached XP level 1. HP: 18/18 MP: 0/0
     0 | D:1      | 0 ||| qw: Version: 0.3-a-134-g2ba4250
     0 | D:1      | 0 ||| qw: Game counter: 690
     0 | D:1      | 0 ||| qw: Melee chars always use a shield: true
     0 | D:1      | 0 ||| qw: God list: Okawaru
     0 | D:1      | 0 ||| qw: Allow faded altars: false
     0 | D:1      | 0 ||| qw: Do Orc after clearing Dungeon:15 true
     0 | D:1      | 0 ||| qw: Do second Lair branch before Depths: true
     0 | D:1      | 0 ||| qw: Lair rune preference: random
     0 | D:1      | 0 ||| qw: Goals: Normal
     0 | D:1      | 0 ||| PLANNING D:1-11
   139 | D:1      | Reached XP level 2. HP: 23/23 MP: 0/0
   746 | D:1      | Reached skill level 4 in Ranged Weapons
   746 | D:1      | Reached XP level 3. HP: 28/28 MP: 0/0
   746 | D:1      | Learned a level 1 spell: Sandblast
   806 | D:1      | 806 ||| READING scroll labelled FEGADE XOEJA.
   807 | D:1      | 807 ||| READING scroll labelled UDENLI VESHE.
   807 | D:1      | 807 ||| IDENTIFYING smoky ruby potion
   808 | D:1      | 808 ||| DROPPING scroll of butterflies.
   856 | D:2      | Noticed Natasha
   865 | D:2      | Killed Natasha
   866 | D:2      | Reached XP level 4. HP: 23/34 MP: 0/0
   928 | D:2      | Reached skill level 3 in Fighting
   933 | D:2      | Identified the +1 helmet of the Dungeon {rC+}
   933 | D:2      | Noticed Robin
   945 | D:2      | HP: 5/35 [kobold/+0 rapier (4)]
   946 | D:2      | Killed Robin
   947 | D:2      | HP: 1/35 [kobold/+0 rapier (4)]
   947 | D:2      | Slain by a goblin

Levels and vault maps discovered:
D:1:      dpeg_arrival_water_temple_mockup, layout_basic
D:2:      minmay_skewed_foursquare, layout_basic,
          shapermc_ecumenical_altar_ellora, uniq_natasha, uniq_robin

Skill      XL: |  1  2  3  4 |
---------------+-------------+-----
Ranged Weapons | 4 |  4.0
Fighting       | 3 |  3.0
Dodging        | |  2.6
Stealth        | |  0.7

Action                     |  1- 3 |  4- 6 || total
---------------------------+-------+-------++-------
   Fire: Shortbow          |    64 |    16 ||    80
    Use: Scroll            |     2 |       ||     2
 Armour: Leather armour    |    16 |    18 ||    34
  Dodge: Dodged            |    20 |    14 ||    34

Table legend:
 A = Non-vault XP
 B = Vault XP
 C = Vault XP percentage of total XP
 D = Non-vault monster count
 E = Vault monster count
 F = Vault count percentage of total count
                 A         B        C        D         E       F
            +---------+---------+-------+---------+---------+-------
      Total |      36 |      53 |  59.6 |      21 |       4 |  16.0
            +---------+---------+-------+---------+---------+-------
        D:1 |      31 |       0 |   0.0 |      18 |       0 |   0.0
        D:2 |       5 |      53 |  91.4 |       3 |       4 |  57.1
            +---------+---------+-------+---------+---------+-------
